 Dungeon Crawl Stone Soup version 0.26-a0-58-g79b31b8662 (webtiles) character file.

Game seed: 5440920431983958314

429 sunblast the Chopper (level 6, -5/56 HPs)
             Began as a Minotaur Fighter on June 8, 2020.
             Slain by Pikel
             ... wielding a +2 whip of flaming
              (7 damage)
             ... on level 4 of the Dungeon.
             The game lasted 00:16:07 (4207 turns).

sunblast the Chopper (Minotaur Fighter)             Turns: 4207, Time: 00:16:07

Health: -5/56      AC:  8    Str: 22    XL:     6   Next: 66%
Magic:  5/5        EV:  8    Int:  5    God:
Gold:   227        SH: 10    Dex: 10    Spells: 5/5 levels left

rFire    . . .     SeeInvis .   a - +1 war axe
rCold    . . .     Gourm    .   c - +0 kite shield
rNeg     . . .     Faith    .   b - +0 scale mail
rPois    .         Spirit   .   (helmet restricted)
rElec    .         Reflect  .   j - +0 cloak
rCorr    .         Harm     .   (no gloves)
MR       .....                  (no boots)
Stlth    ..........             (no amulet)
HPRegen  0.18/turn              (no ring)
MPRegen  0.09/turn              (no ring)

@: no status effects
A: retaliatory headbutt, horns 2
a: no special abilities


You were on level 4 of the Dungeon.
You were not hungry.

You visited 1 branch of the dungeon, and saw 5 of its levels.

You collected 227 gold pieces.

Inventory:

Hand Weapons
 a - a +1 war axe (weapon)
Armour
 b - a +0 scale mail (worn)
 c - a +0 kite shield (worn)
 j - a +0 cloak (worn)
Jewellery
 s - the ring "Raasex" {MR+ Stlth+, unknown}
   (You found it on level 4 of the Dungeon)

   [ring of protection from magic]

   It affects your resistance to hostile enchantments.
   It makes you more stealthy.
Wands
 o - a wand of digging (3)
 u - a wand of random effects (14)
Scrolls
 m - 2 scrolls of remove curse
 n - a scroll of enchant weapon
 q - a scroll of immolation {unknown}
Potions
 d - 2 potions of might
 e - 3 potions of curing
 i - 4 potions of lignification {unknown}
 l - 2 potions of cancellation {unknown}
 p - a potion of invisibility {unknown}
Comestibles
 f - 6 rations


   Skills:
 * Level 5.1 Fighting
 + Level 5.5 Axes
 + Level 5.4 Armour
 + Level 1.1 Dodging
 + Level 0.4 Stealth
 + Level 4.9 Shields


You had 5 spell levels left.
You didn't know any spells.
Your spell library contained the following spells:

 Spells                   Type           Power        Failure   Level  Hunger
 Poisonous Vapours        Pois/Air       #.....       100%        2    ###....
 Static Discharge         Conj/Air       #.......     100%        3    ####...
 Freezing Cloud           Conj/Ice/Air   #.........   100%        6    #######
 Tornado                  Air            #.........   100%        9    #######


Dungeon Overview and Level Annotations

Branches:
Dungeon (5/15)
 Temple: D:4-7

Altars:
Cheibriados
Elyvilon
Makhleb
Yredelemnul

Annotations:
D:4 Eustachio, Pikel, Sigmund


Innate Abilities, Weirdness & Mutations

You reflexively headbutt those who attack you in melee.
You have a pair of horns on your head.


Message History

Your shield and scale mail prevent you from hitting Pikel.
Pikel is almost dead.
Pikel hits you but does no damage.
You hit Pikel but do no damage.
Pikel is almost dead.
Pikel hits you but does no damage.
You hit Pikel but do no damage.
Pikel is almost dead.
Pikel hits you with a +2 whip of flaming.
* * * LOW HITPOINT WARNING * * *
Pikel burns you.
* * * LOW HITPOINT WARNING * * *
Pikel hits you with a +2 whip of flaming!
* * * LOW HITPOINT WARNING * * *
Pikel burns you.
* * * LOW HITPOINT WARNING * * *
You can't go up here!
You can't go up here!
Pikel hits you with a +2 whip of flaming!
You die...

# #..#####...# ##### #
#....#...#.# ##.##. #
#....#..##.#####...#. ##
####...###........... .######
##.## #######...#. ......# #.#
##.##. .####.# ##.## #.##. ## #.#
###)..### #.##. # #.# #..@K...#
##'### #.# #.......# ##...## #.#
#.......## ##.....# # ##.##
#...)....# ##.......
####...#######........###........
+.......................'........
####...#########.....####........
# ##.## ##...## ##....... #.#
##.## ##.....#


You could see Pikel.

Vanquished Creatures
  4 slaves (D:4)
  A jelly (D:3)
  Jessica (D:3)
  Natasha (twice) (D:2)
  2 iguanas
  Ijyb (D:4)
  2 orc wizards (D:3)
  2 worker ants (D:4)
  6 adders
  A howler monkey skeleton (D:4)
  A worm (D:2)
  5 dart slugs
  5 leopard geckos
  10 orcs
  4 bats
  2 giant cockroaches (D:4)
  4 goblins
  3 hobgoblins
  6 jackals
  2 frilled lizards
  6 kobolds
  A quokka skeleton (D:5)
  4 rats
75 creatures vanquished.

Notes
Turn   | Place    | Note
-------+----------+-------------------------------------------
     0 | D:1      | sunblast the Minotaur Fighter began the quest for the Orb.
     0 | D:1      | Reached XP level 1. HP: 19/19 MP: 0/0
   294 | D:1      | Reached XP level 2. HP: 20/27 MP: 1/1
   594 | D:2      | Reached XP level 3. HP: 28/33 MP: 2/2
   748 | D:2      | Noticed Natasha
   752 | D:2      | Killed Natasha
   937 | D:2      | Reached XP level 4. HP: 40/40 MP: 3/3
   961 | D:2      | Noticed Natasha
   967 | D:2      | Killed Natasha
  1234 | D:2      | Found a basalt altar of Yredelemnul.
  1288 | D:2      | Found a white marble altar of Elyvilon.
  1817 | D:3      | Noticed Jessica
  1818 | D:3      | Found a burning altar of Makhleb.
  1823 | D:3      | Killed Jessica
  1823 | D:3      | Reached XP level 5. HP: 30/47 MP: 4/4
  1937 | D:3      | Found a snail-covered altar of Cheibriados.
  2193 | D:3      | Reached skill level 5 in Axes
  2619 | D:4      | Reached XP level 6. HP: 44/55 MP: 5/5
  2779 | D:4      | Reached skill level 5 in Armour
  2944 | D:4      | Got an ancient ivory ring
  3197 | D:4      | Reached skill level 5 in Fighting
  3263 | D:4      | Noticed Ijyb
  3270 | D:4      | Killed Ijyb
  3343 | D:4      | Noticed Eustachio
  3344 | D:4      | Noticed Sigmund
  3655 | D:5      | Entered Level 5 of the Dungeon
  3799 | D:5      | Identified Gifasmo's Tome of Weightlessness
  3819 | D:5      | Noticed a slave
  3821 | D:5      | Noticed a slave
  3822 | D:5      | Noticed Pikel
  3824 | D:5      | Noticed a slave
  3826 | D:5      | Noticed a slave
  3891 | D:4      | Reached skill level 1 in Dodging
  3897 | D:4      | Killed a slave
  4181 | D:4      | Killed a slave
  4182 | D:4      | Killed a slave
  4200 | D:4      | Killed a slave
  4206 | D:4      | HP: 2/56 [Pikel/+2 whip of flaming (4)]
  4207 | D:4      | Slain by Pikel

Illustrated notes

Levels and vault maps discovered:
D:1:      dpeg_arrival_chambers_temple_mockup, layout_rooms,
          chequers_hall_statues_corner_a
D:2:      layout_loops_ring, kennysheep_ying_yang, dk_noncrumbling_2,
          uniq_natasha
D:3:      layout_rooms, grunt_temple_overflow_open, uniq_jessica
D:4:      layout_loops_corners, lightli_sewer_entry_pipes, first_ration,
          uniq_ijyb, uniq_eustachio, uniq_sigmund
D:5:      layout_loops_cross, minmay_temple_entry_glass, item_on_display_a,
          uniq_pikel

Skill      XL: |  1  2  3  4  5  6 |
---------------+-------------------+-----
Armour         | 4 5 |  5.4
Shields        | 4 |  4.9
Fighting       | 4 5 |  5.1
Axes           | 3 4 5 |  5.5
Dodging        | 1 |  1.1
Stealth        | |  0.4

Action                   |  1- 3 |  4- 6 || total
-------------------------+-------+-------++-------
Melee: War axe           |    55 |   179 ||   234
       Headbutt          |     4 |    31 ||    35
       Unarmed           |       |     2 ||     2
  Use: Scroll            |       |     6 ||     6
       Potion            |       |     1 ||     1
  Eat: Chunk             |       |     5 ||     5
       Ration            |       |     2 ||     2
Armor: Scale mail        |    30 |    84 ||   114
Dodge: Dodged            |     9 |    75 ||    84
Block: Kite shield       |    26 |   117 ||   143

Table legend:
 A = Non-vault XP
 B = Vault XP
 C = Vault XP percentage of total XP
 D = Non-vault monster count
 E = Vault monster count
 F = Vault count percentage of total count
                 A         B        C        D         E       F
            +---------+---------+-------+---------+---------+-------
      Total |     504 |     109 |  17.8 |      68 |       3 |   4.2
            +---------+---------+-------+---------+---------+-------
        D:1 |      14 |       0 |   0.0 |       9 |       0 |   0.0
        D:2 |     114 |      37 |  24.5 |      22 |       1 |   4.3
        D:3 |     162 |      37 |  18.6 |      18 |       1 |   5.3
        D:4 |     171 |      35 |  17.0 |      16 |       1 |   5.9
        D:5 |      43 |       0 |   0.0 |       3 |       0 |   0.0
            +---------+---------+-------+---------+---------+-------
